 Dungeon Crawl Stone Soup version 0.29-a0-275-g389c0b56f3 (webtiles) character file.

Game seed: 15899117142033407888

1535 spaghetti the Cleaver (level 8, -5/51 HPs)
             Began as a Tengu Chaos Knight on Mar 9, 2022.
             Was a Plaything of Xom.
             Slain by a hellwing (6 damage)
             ... summoned by a kobold demonologist
             ... on level 6 of the Dungeon.
             The game lasted 00:08:46 (5214 turns).

spaghetti the Cleaver (Tengu Chaos Knight)          Turns: 5214, Time: 00:08:48

Health: -5/51      AC:  0    Str: 17    XL:     8   Next: 86%
Magic:  9/9        EV: 17    Int: 15    God:    Xom [....*.]
Gold:   162        SH:  0    Dex: 13    Spells: 7/7 levels left

rFire   . . .      SeeInvis .   k - +2 battleaxe (elec) {axe}
rCold   . . .      Faith    .   (shield currently unavailable)
rNeg    . . .      Spirit   .   b - +3 leather armour
rPois   .          Reflect  .   (helmet restricted)
rElec   .          Harm     .   (no cloak)
rCorr   .          Rampage  .   (no gloves)
Will    +....                   (boots unavailable)
Stlth   +.........              (no amulet)
HPRegen 0.17/turn               f - +4 ring of slaying
MPRegen 0.11/turn               q - +4 ring of evasion

@: brilliant, lethally poisoned (-5 -> -6), corroded, flying quickly and
evasively, quick
A: beak, talons 3, nimble flight, iridescent scales 3, clever 1, strong-willed
1, strong 1, MP-powered wands
a: Renounce Religion


You were on level 6 of the Dungeon.
You worshipped Xom.
You were a beloved toy of Xom.
You visited 1 branch of the dungeon, and saw 6 of its levels.

You collected 394 gold pieces.
You spent 232 gold pieces at shops.


Innate Abilities, Weirdness & Mutations

You have a beak for a mouth.
You have claws for feet.
Your magical nature lets you fly swiftly and evasively.
You are completely covered in iridescent scales. (AC +6)
Your mind is acute. (Int +2)
You are strong-willed. (Will+)
Your muscles are strong. (Str +2)
You expend magic power (3 MP) to strengthen your wands.


   Skills:
 - Level 6.0 Fighting
 + Level 10.2(10.5) Axes
 - Level 3.2(7.3) Polearms
 - Level 2.1 Armour
 - Level 1.1 Dodging


You had 7 spell levels left.
You didn't know any spells.
Your spell library contained the following spells:

 Spells                   Type           Power      Damage    Failure   Level
 Apportation              Tloc           0%         N/A       32%         1
 Sting                    Tmut/Pois      0%         1d3       32%         1
 Poisonous Vapours        Pois/Air       0%         N/A       43%         2
 Scorch                   Fire           0%         2d5       43%         2
 Portal Projectile        Hex/Tloc       0%         N/A       67%         3
 Summon Guardian Golem    Hex/Summ       0%         N/A       67%         3
 Flame Wave               Conj/Fire      0%         2d4       97%         4
 Olgreb's Toxic Radiance  Pois           0%         N/A       97%         4
 Alistair's Intoxication  Tmut/Pois      0%         N/A       100%        5
 Blade Hands              Tmut           0%         N/A       100%        5
 Excruciating Wounds      Necr           0%         N/A       100%        5
 Summon Cactus Giant      Summ           0%         N/A       100%        6
 Orb of Destruction       Conj           0%         9d5       100%        7
 Spellforged Servitor     Conj/Summ      0%         N/A       100%        7

Inventory:

Hand Weapons
 k - a +2 battleaxe of electrocution (weapon) {axe}
   (You bought it in a shop on level 1 of the Dungeon)
 m - a +4 spear {polearm}
   (You took it off a gnoll on level 3 of the Dungeon)
 p - a +2 vorpal spear {polearm}
   (You took it off a gnoll on level 4 of the Dungeon)
 t - the +5 halberd of the Known World {freeze, rElec Will++ Str+2 Stlth-, polearm}
   (You found it on level 5 of the Dungeon)

   It freezes those it strikes, dealing additional cold damage.
   It can also slow down cold-blooded creatures.
   Str:       It affects your strength (+2).
   rElec:     It insulates you from electricity.
   Will:      It greatly increases your willpower.
   Stlth:     It makes you less stealthy.
Missiles
 a - 6 boomerangs {throwing}
 e - 175 stones {throwing}
 g - 4 poisoned darts {throwing}
Armour
 b - a +3 leather armour (worn)
Magical Staves
 n - a staff of death {!astaff}
   (Xom gifted it to you on level 4 of the Dungeon)
Jewellery
 f - a +4 ring of slaying (left hand)
   (You found it on level 1 of the Dungeon)
 i - a ring of protection from cold
   (You found it on level 5 of the Dungeon)
 q - a +4 ring of evasion (right hand)
   (You found it on level 4 of the Dungeon)
 r - a ring of resist corrosion
   (Xom gifted it to you on level 5 of the Dungeon)
Wands
 j - a wand of flame (9)
   (You found it on level 3 of the Dungeon)
 u - a wand of iceblast (6)
   (You took it off a gnoll on level 5 of the Dungeon)
Scrolls
 l - a scroll of fog
 o - 2 scrolls of teleportation {@r4}
 v - a scroll of identify {@r1}
 w - a scroll of vulnerability {!r!r}
Potions
 h - a potion of degeneration {!q@e2}
 s - a potion of mutation {!q}
Miscellaneous
 c - a piece from Xom's chessboard (15/15) (quivered)

Dungeon Overview and Level Annotations

Branches:
Dungeon (6/15)
 Temple: D:4-7

Altars:
The Shining One

Shops:
D:1 (   D:3 (   D:4 *[

Annotations:
D:6 1 runed translucent door, sirJeffrey23's ghost, novice DsMo

..†..........##.....##
.............#.....#.##
........##.........#..#
#.....#####.......#...#
##....####.......##...#
........#...........#.#
...########.........#...
#.## ≈FS+.....4#.#####
#..# #####.....@##..
..... .......555# ....
....#. ........(4K# ...#
.#..# . ......##.##
..... ##..# ..... #K#
.... ?... ... .... #...
..# . #.. ... . #...


You could see a hellwing (summoned), a rust devil (summoned, distracted, ally
target), a kobold demonologist (ally target), an adder, a kobold, a friendly
iron imp (summoned), a friendly shadow imp (summoned) and a friendly ufetubus
(summoned).


Message History

The kobold demonologist casts a spell.
You hear a shout!
You barely miss the kobold.
You hear an angry hiss.
The kobold closely misses you.
A kobold comes into view. It is wielding a +0 short sword.
The kobold demonologist gestures wildly while chanting.
You slice the kobold!!
You kill the kobold!
An adder comes into view. 😎 HP[+1]
Your hp is fully restored (51).
You closely miss the rust devil.
You claw the rust devil, but do no damage.
Xom grants you some temporary aid. The rust devil completely misses you.
You slash the kobold demonologist! You claw the kobold demonologist.
Your peck misses the kobold demonologist.
You slash the rust devil! The rust devil hits you. The rust devil corrodes you!
The kobold demonologist mumbles some strange words.
You miss the kobold demonologist.
Your kick misses the kobold demonologist.
You peck the kobold demonologist, but do no damage.
You slash the kobold brigand!
You barely miss the rust devil. "Serve the toy, my child!"
Your iron imp hits the kobold brigand.
The rust devil hits you. The rust devil corrodes you!
The kobold demonologist misses you.
The kobold brigand hits you with a +0 dagger.
Your white imp hits the rust devil.
Your white imp freezes the rust devil.
The rust devil resists. 😕 HP[-8]
You take 8 damage, and now have 43/51 hp.
You hit the kobold demonologist but do no damage.
You claw the kobold demonologist, but do no damage.
Your peck misses the kobold demonologist.
You slash the rust devil! You slash the kobold brigand!
The rust devil barely misses you.
The kobold brigand hits you with a +0 dagger.
The kobold demonologist looks satisfied for a moment.
Your iron imp closely misses the kobold brigand.
Your white imp barely misses the rust devil. 😮 HP[-5]
You take 5 damage, and now have 38/51 hp.
You completely miss the kobold demonologist.
You slash the kobold brigand!
You kill the kobold brigand!
You slash the rust devil!
You hear a horrible gurgling sound!
The rust devil barely misses you.
The kobold demonologist hits you but does no damage.
Your iron imp barely misses the adder.
Your white imp misses the adder.
The adder bites you.
You are poisoned.
The adder poisons you! The rust devil hits you!
You emit a cloud of colourful smoke!
The rust devil corrodes you! 😮 HP[-10]
You take 10 damage, and now have 28/51 hp.
You closely miss the kobold demonologist.
You hit the rust devil but do no damage.
You miss the adder.
You feel sick. "I like them better like this."
The adder reforms as a javelin.
The kobold demonologist hits you with a +0 dagger!
* * * LOW HITPOINT WARNING * * *
The hellwing hits your white imp! The hellwing hits your white imp.
The rust devil hits you!
* * * LOW HITPOINT WARNING * * *
The rust devil corrodes you!
The kobold demonologist hits you with a +0 dagger.
* * * LOW HITPOINT WARNING * * *
😱 HP[-25]
You take 25 damage, and now have 3/51 hp.
MASSIVE DAMAGE!! (PAUSE)
You feel clever all of a sudden.
* * * LOW HITPOINT WARNING * * *
You feel sick.
Your white imp hits the hellwing but does no damage.
Your iron imp hits the rust devil.
The hellwing hits your white imp!
Your white imp dies!
Your white imp disappears in a puff of smoke!
The rust devil barely misses your iron imp.
The kobold demonologist misses you. 😱 HP[-1]
You take 1 damage, and now have 2/51 hp.
Okay, then.
Okay, then.
You are brilliant.
You are lethally poisoned (2 -> 0).
You are corroded.
You are flying quickly and evasively.
Your flying speed is quick.
Your attack delay is about 1.1.
Your base attributes are Str 15, Int 13, Dex 13.
You swap places.
* * * LOW HITPOINT WARNING * * *
You feel sick.
Your iron imp barely misses the rust devil.
The hellwing swoops through the air toward you!
The hellwing completely misses you. The hellwing hits you.
You die...
Xom chortles!

Skill      XL: |  1  2  3  4  5  6  7  8 |
---------------+-------------------------+-----
Fighting       | 4 5 6 |  6.0
Axes           | 2 5 7 10 | 10.2
Polearms       | |  3.2
Armour         | |  2.1
Dodging        | |  1.1

Action                   |  1- 3 |  4- 6 |  7- 9 || total
-------------------------+-------+-------+-------++-------
Melee: Spear             |    55 |    88 |     5 ||   148
       Kick              |     9 |    17 |    22 ||    48
       Peck              |     1 |     7 |     9 ||    17
       Battleaxe         |       |       |    94 ||    94
Evoke: Piece from Xom's  |       |     4 |       ||     4
  Use: Potion            |     3 |     1 |     2 ||     6
       Scroll            |     3 |     4 |     7 ||    14
 Stab: Sleeping          |     1 |     1 |       ||     2
       Petrifying        |       |     1 |       ||     1
       Paralysed         |       |     1 |       ||     1
Armor: Leather armour    |    15 |    11 |    31 ||    57
       Skin              |       |       |    15 ||    15
Dodge: Dodged            |    17 |    39 |   110 ||   166

Levels and vault maps discovered:
D:1:      shiori_arrival_elements, layout_basic,
          dreamdust_ecumenical_altar_hidden_monk_grotto, serial_shops, shop,
          chequers_serial_rivers_large_b, minmay_misc_feat_columns,
          item_on_display_a
D:2:      layout_loops_cross
D:3:      minmay_octagon_keep, layout_loops_ring, nicolae_tso_carved_into_rock,
          serial_shops, shop
D:4:      minmay_bubble_buster, layout_rooms, nicolae_inconvenience_store,
          minmay_misc_feat_chi, nicolae_shop_overcharged_wands
D:5:      layout_basic, hangedman_glass_teeth, amcnicky_mini_pool_medium,
          uniq_duvessa
D:6:      layout_cave_pools, ebering_ghost_sewer_d

Notes
Turn   | Place    | Note
-------+----------+-------------------------------------------
     0 | D:1      | spaghetti the Tengu Chaos Knight began the quest for the
                  | Orb.
     0 | D:1      | Reached XP level 1. HP: 14/14 MP: 2/2
     0 | D:1      | magus.rc [v1.9.6]
    42 | D:1      | You add the spells Sting, Poisonous Vapours and Olgreb's
                  | Toxic Radiance to your library.
    61 | D:1      | XOM: divination: detect items
    92 | D:1      | Reached XP level 2. HP: 19/19 MP: 3/3
   111 | D:1      | Found Uhied's Weapon Shoppe.
   120 | D:1      | XOM: silly message
   261 | D:1      | Found a faded altar of an unknown god.
   512 | D:1      | XOM: silly message
   941 | D:2      | XOM: silly message
  1027 | D:2      | XOM: cast spell 'Summon Ice Beast'
  1031 | D:2      | Reached skill level 4 in Fighting
  1031 | D:2      | Reached XP level 3. HP: 19/24 MP: 4/4
  1466 | D:3      | Reached XP level 4. HP: 30/30 MP: 5/5
  1651 | D:3      | Reached skill level 5 in Fighting
  1705 | D:3      | XOM: cloud trail
  1890 | D:3      | Found a glowing golden altar of the Shining One.
  2076 | D:3      | Gained mutation: Your magical nature lets you fly swiftly
                  | and evasively. [Tengu growth]
  2076 | D:3      | Reached XP level 5. HP: 32/36 MP: 6/6
  2082 | D:3      | XOM: potion effect (might)
  2089 | D:3      | Reached skill level 1 in Axes
  2092 | D:3      | Reached skill level 6 in Fighting
  2276 | D:3      | Found Ziycsyps's Antique Weapon Boutique.
  2379 | D:4      | Found Meagizaweh's Overcharged Wands.
  2414 | D:4      | You pick up a book of Weapons and begin reading...
  2414 | D:4      | You add the spells Portal Projectile, Excruciating Wounds
                  | and Blade Hands to your library.
  2426 | D:4      | Reached skill level 2 in Axes
  2470 | D:4      | XOM: scenery: 2 doors open
  2485 | D:4      | Reached XP level 6. HP: 41/41 MP: 7/7
  2487 | D:4      | Reached skill level 3 in Axes
  2531 | D:4      | Gained mutation: Your mind is acute. (Int +2) [potion of
                  | mutation]
  2531 | D:4      | Gained mutation: You are strong-willed. (Will+) [potion of
                  | mutation]
  2533 | D:4      | Noticed a shapeshifter
  2533 | D:4      | an ogre changed into a shapeshifter
  2533 | D:4      | XOM: polymorph ogre -> shapeshifter
  2533 | D:4      | Noticed a blink frog
  2533 | D:4      | a shapeshifter changed into a blink frog
  2548 | D:4      | Killed a blink frog
  2549 | D:4      | Reached skill level 5 in Axes
  2549 | D:4      | Reached XP level 7. HP: 22/46 MP: 8/8
  2805 | D:1      | Bought a +1 battleaxe of electrocution for 232 gold pieces
  3025 | D:2      | XOM: 6-stop teleportation journey
  3178 | D:2      | You pick up a book of Dangerous Friends and begin
                  | reading...
  3178 | D:2      | You add the spells Summon Guardian Golem, Orb of
                  | Destruction and Spellforged Servitor to your library.
  3358 | D:4      | Found Sikecrap's Antique Armour Emporium.
  3527 | D:4      | XOM: god gift: staff of death
  3718 | D:5      | Entered Level 5 of the Dungeon
  3769 | D:4      | XOM: give mutation
  3769 | D:4      | Gained mutation: You are partially covered in iridescent
                  | scales. (AC +2) [Xom's grace]
  3868 | D:4      | Reached skill level 6 in Axes
  3924 | D:5      | XOM: cast spell 'Discord'
  3999 | D:5      | XOM: god gift: small pearl ring {god gift}
  4055 | D:5      | Reached skill level 7 in Axes
  4063 | D:5      | XOM: confuse monster(s)
  4065 | D:5      | Noticed Duvessa
  4066 | D:5      | Noticed Dowan
  4072 | D:5      | Killed Dowan
  4073 | D:5      | Reached XP level 8. HP: 51/51 MP: 9/9
  4078 | D:5      | Killed Duvessa
  4079 | D:5      | Reached skill level 8 in Axes
  4257 | D:5      | You pick up a book of Scorching and begin reading...
  4257 | D:5      | You add the spells Scorch, Flame Wave and Summon Cactus
                  | Giant to your library.
  4367 | D:5      | XOM: cloud trail
  4381 | D:5      | Identified the +5 halberd of the Known World {freeze, rElec
                  | Will++ Str+2 Stlth-}
  4424 | D:5      | Reached skill level 9 in Axes
  4424 | D:5      | XOM: smoke on damage
  4430 | D:5      | XOM: god gift: 48 gold pieces
  4442 | D:6      | XOM: give mutations
  4442 | D:6      | Gained mutation: You expend magic power (3 MP) to
                  | strengthen your wands. [Xom's grace]
  4442 | D:6      | Gained mutation: Your muscles are strong. (Str +2) [Xom's
                  | grace]
  4442 | D:6      | Gained mutation: You are mostly covered in iridescent
                  | scales. (AC +4) [Xom's grace]
  4442 | D:6      | Gained mutation: You are completely covered in iridescent
                  | scales. (AC +6) [Xom's grace]
  5039 | D:6      | You pick up a book of Party Tricks and begin reading...
  5039 | D:6      | You add the spells Apportation and Alistair's Intoxication
                  | to your library.
  5052 | D:6      | Found a runed translucent door.
  5059 | D:6      | Noticed sirJeffrey23's ghost (novice DsMo)
  5107 | D:6      | Reached skill level 10 in Axes
  5201 | D:6      | Noticed a kobold demonologist
  5205 | D:6      | Noticed a hellwing
  5206 | D:6      | Noticed a rust devil
  5207 | D:6      | XOM: summons 3 friendly demons
  5209 | D:6      | XOM: summons friendly shadow imp
  5211 | D:6      | XOM: smoke on damage
  5212 | D:6      | XOM: snakes to sticks
  5212 | D:6      | HP: 7/51 [rust devil[a kobold demonologist] (12)]
  5212 | D:6      | HP: 3/51 [kobold demonologist/+0 dagger (4)]
  5214 | D:6      | HP: 1/51 [poisoned by an adder]
  5214 | D:6      | Slain by a hellwing

Vanquished Creatures
  A blink frog (shapeshifter) (D:4)
  Duvessa (D:5)
  3 sky beasts
  2 centaurs (D:5)
  A kobold brigand (D:6)
  A gnoll sergeant (D:6)
  3 scorpions
  Dowan (D:5)
  4 hounds
  An iguana (D:3)
  13 gnolls
  11 adders
  A shadow imp (D:5)
  A worm (D:4)
  A dart slug (D:3)
  6 orcs
  11 ball pythons
  3 bats
  7 endoplasms
  2 giant cockroaches
  8 goblins
  8 hobgoblins
  4 jackals
  7 kobolds
  6 quokkas
  8 rats
115 creatures vanquished.

Vanquished Creatures (collateral kills)
  An adder (D:2)
1 creature vanquished.

Grand Total: 116 creatures vanquished

Table legend:
 A = Non-vault XP
 B = Vault XP
 C = Vault XP percentage of total XP
 D = Non-vault monster count
 E = Vault monster count
 F = Vault count percentage of total count
                 A         B        C        D         E       F
            +---------+---------+-------+---------+---------+-------
      Total |    1557 |     637 |  29.0 |      88 |      28 |  24.1
            +---------+---------+-------+---------+---------+-------
        D:1 |      25 |       0 |   0.0 |      16 |       0 |   0.0
        D:2 |      56 |       0 |   0.0 |      14 |       0 |   0.0
        D:3 |     136 |      68 |  33.3 |      17 |      12 |  41.4
        D:4 |     282 |     296 |  51.2 |      15 |      12 |  44.4
        D:5 |     607 |     273 |  31.0 |      16 |       4 |  20.0
        D:6 |     451 |       0 |   0.0 |      10 |       0 |   0.0
            +---------+---------+-------+---------+---------+-------

Illustrated notes

Table legend:
 A = Kills in this place as a percentage of kills in entire the game.
 B = Kills by you in this place as a percentage of kills by you in the entire game.
 C = Kills by friends in this place as a percentage of kills by friends in the entire game.
 D = Other kills in this place as a percentage of other kills in the entire game.
 E = Experience gained in this place as a percentage of experience gained in the entire game.
 F = Experience gained in this place divided by the number of levels of this place that you have seen.
                   A       B       C       D       E      F
               +-------+-------+-------+-------+-------+----------------------
         Total | 100.0 | 100.0 | 100.0 |   N/A | 100.0 | 365.7
       Dungeon | 100.0 | 100.0 | 100.0 |   N/A | 100.0 | 365.7
               +-------+-------+-------+-------+-------+----------------------

Table legend: (Time is in decaauts)
 A = Elapsed time spent in this place.
 B = Non-inter-level travel time spent in this place.
 C = Inter-level travel time spent in this place.
 D = Time resting spent in this place.
 E = Time spent auto-exploring this place.
 F = Levels seen in this place.
 G = Mean time per level.
                   A        B        C        D        E       F      G
               +--------+--------+--------+--------+--------+-----+--------+
         Total |   5071 |   4770 |    301 |    567 |   3548 |   6 |  845.2 |
       Dungeon |   5071 |   4770 |    301 |    567 |   3548 |   6 |  845.2 |
               +--------+--------+--------+--------+--------+-----+--------+

Top non-repeatable levels by time:
     D:1: 1114 daAuts
     D:3: 1048 daAuts
     D:5: 996 daAuts
     D:4: 900 daAuts
     D:2: 708 daAuts
     D:6: 303 daAuts
